 Dungeon Crawl Stone Soup version 0.30.1-9-gdf580d7c3d (webtiles) character file.

Game seed: 1419252198782081411

331 Psyclone the Destroyer (level 6, -2/32 HPs)
             Began as a Deep Elf Conjurer on Sept 29, 2023.
             Killed from afar by a white imp (11 damage)
             ... with a puff of frost
             ... on level 6 of the Dungeon.
             The game lasted 00:05:08 (3134 turns).

Psyclone the Destroyer (Deep Elf Conjurer)          Turns: 3134, Time: 00:05:08

Health: -2/32      AC:  2    Str:  4    XL:     6   Next: 26%
Magic:  7/12       EV: 12    Int: 25    God:
Gold:   186        SH:  0    Dex: 13    Spells: 4/11 levels left

rFire   . . .        (no weapon)
rCold   . . .        (no shield)
rNeg    . . .        a - +0 robe
rPois   .            (no helmet)
rElec   .            (no cloak)
rCorr   .            (no gloves)
SInv    .            (no boots)
Will    .....        (no amulet)
Stlth   ++           (no ring)
HPRegen 0.25/turn    (no ring)
MPRegen 0.13/turn

%: no passive effects
@: no status effects
A: no striking features
a: no special abilities


You were on level 6 of the Dungeon.
You visited 1 branch of the dungeon, and saw 4 of its levels.

You collected 186 gold pieces.

Inventory:

Missiles
 i - a throwing net {!f}
Armour
 a - a +0 robe (worn)
Wands
 j - a wand of polymorph (2)
 l - a wand of light (2)
Scrolls
 c - a scroll of blinking {unknown}
 d - 2 scrolls of amnesia {unknown}
 e - a scroll of fear
 g - 2 scrolls of identify {@r1}
 h - 3 scrolls of teleportation {unknown}
 k - a scroll of vulnerability {unknown}
 m - a scroll of enchant weapon {unknown}
 n - a scroll of fog {unknown}
Potions
 b - a potion of magic
 f - 3 potions of curing
 o - a potion of heal wounds {unknown}


   Skills:
 - Level 2.4 Dodging
 - Level 2.4 Stealth
 - Level 3.0 Spellcasting
 + Level 8.3 Conjurations


You had 4 spell levels left.
You knew the following spells:

 Your Spells              Type           Power      Damage    Failure   Level
a - Magic Dart            Conj           100%       1d8       1%          1
b - Searing Ray           Conj           90%        2d7       1%          2
d - Fulminant Prism       Conj/Hex       12%        3d9       19%         4

Your spell library contained the following spells:

 Spells                   Type           Power      Damage    Failure   Level
 Dazzling Flash           Conj/Hex       48%        N/A       5%          3
 Cigotuvi's Dreadful Rot  Necr/Pois/Air  6%         N/A       16%         2
 Iskenderun's Mystic Bla  Conj/Tloc      24%        2d7       19%         4
 Ignite Poison            Fire/Tmut/Pois 3%         N/A       30%         3
 Volatile Blastmotes      Fire/Tloc      6%         2d10      30%         3
 Freezing Cloud           Conj/Ice/Air   8%         6-21      65%         5
 Lee's Rapid Deconstruct  Erth           1%         3d4*      95%         5


Dungeon Overview and Level Annotations

Branches:
Dungeon (3/15) Zot: 20865

Altars:
Gozag
Nemelex Xobeh
Ru
Vehumet

Shops:
D:2 !


Message History

You now have 11/12 mp.
The white imp gestures at you. The puff of frost hits you!
You take 9 damage, and have 23/32 hp.
MASSIVE DAMAGE!!
Casting: Magic Dart (safe; 1% risk of failure)
Confirm with . or Enter, or press ? or * to list all spells.
Aiming: Magic Dart (safe; 1% risk of failure)
Press: ? - help, Shift-Dir - straight line, f/p - white imp
Aim: a white imp (100% to hit)
The magic dart hits the white imp but does no damage.
You now have 10/12 mp.
Casting: Magic Dart (safe; 1% risk of failure)
Confirm with . or Enter, or press ? or * to list all spells.
Aiming: Magic Dart (safe; 1% risk of failure)
Press: ? - help, Shift-Dir - straight line, f/p - white imp
Aim: a white imp (100% to hit)
The magic dart hits the white imp but does no damage.
The white imp gestures at you. The puff of frost hits you!
You take 7 damage, and have 17/32 hp.
MASSIVE DAMAGE!!
You now have 9/12 mp.
Casting: Magic Dart (safe; 1% risk of failure)
Confirm with . or Enter, or press ? or * to list all spells.
Aiming: Magic Dart (safe; 1% risk of failure)
Press: ? - help, Shift-Dir - straight line, f/p - white imp
Aim: a white imp (100% to hit)
The magic dart hits the white imp but does no damage.
The white imp gestures at you. The puff of frost hits you!
* * * LOW HITPOINT WARNING * * *
You take 8 damage, and have 9/32 hp.
MASSIVE DAMAGE!!
You now have 8/12 mp.
Casting: Magic Dart (safe; 1% risk of failure)
Confirm with . or Enter, or press ? or * to list all spells.
Aiming: Magic Dart (safe; 1% risk of failure)
Press: ? - help, Shift-Dir - straight line, f/p - white imp
Aim: a white imp (100% to hit)
The magic dart hits the white imp!
The white imp is severely wounded.
The white imp gestures at you. The puff of frost hits you!
You die...

###.#.#### #........# .#
###.#.#.##.# ..
.##.#.#.##.#### ###h
.##.#.#.##.... ...
..#.#.#.##..##### ..
..#.#.#.##......# .#
..............#.#######.#
.....########.#.@....5..#
.†...# #.########......#
..#### <#. ...##### ..# #
## ##### ###


You could see a white imp.

Vanquished Creatures
  An ice beast (D:6)
  A howler monkey (D:6)
  2 hounds
  A gnoll (D:1)
  7 adders
  A worm (D:3)
  A dart slug (D:1)
  6 ball pythons
  4 bats
  5 endoplasms
  4 giant cockroaches
  5 goblins
  7 hobgoblins
  6 jackals
  2 quokkas (D:1)
  7 kobolds
  6 rats
66 creatures vanquished.

Notes
Turn   | Place    | Note
-------+----------+-------------------------------------------
     0 | D:1      | Psyclone the Deep Elf Conjurer began the quest for the Orb.
     0 | D:1      | Reached XP level 1. HP: 10/10 MP: 6/6
   280 | D:1      | Reached XP level 2. HP: 5/15 MP: 1/8
   296 | D:1      | Reached skill level 5 in Conjurations
   777 | D:1      | Reached XP level 3. HP: 6/19 MP: 3/9
  1348 | D:2      | Reached skill level 6 in Conjurations
  1348 | D:2      | Reached XP level 4. HP: 24/24 MP: 2/10
  1592 | D:2      | Found Aweyxzuywka's Distillery.
  2230 | D:3      | Found a sparkling altar of Nemelex Xobeh.
  2329 | D:3      | Reached skill level 7 in Conjurations
  2329 | D:3      | Reached XP level 5. HP: 28/28 MP: 7/11
  2363 | D:3      | Found an opulent altar of Gozag.
  2442 | D:3      | Found a radiant altar of Vehumet.
  2885 | D:3      | You fall into a shaft and drop 3 floors!
  2894 | D:6      | Noticed an ice beast
  2899 | D:6      | Learned a level 2 spell: Searing Ray
  2904 | D:6      | Learned a level 4 spell: Fulminant Prism
  2911 | D:6      | Killed an ice beast
  2912 | D:6      | Reached skill level 8 in Conjurations
  2918 | D:6      | Found a sacrificial altar of Ru.
  2925 | D:6      | Reached XP level 6. HP: 21/32 MP: 2/12
  3134 | D:6      | Killed from afar by a white imp

Illustrated notes

Levels and vault maps discovered:
D:1:      sevenhm_arrival_forest_fort_large_2, layout_loops_cross
D:2:      layout_basic, serial_shops, nicolae_shop_real_fake_doors,
          minmay_pentomino_x4
D:3:      layout_basic, mainiacjoe_overflow_surrounded_room,
          mainiacjoe_overflow_catwalk_spiral
D:6:      layout_loops_ring, nicolae_overflow_crystal_walls,
          nicolae_ru_sacrificial_ziggurat, ebering_ghost_xom, serial_bayou,
          serial_bayou_pond_e, serial_bayou_shore_b, serial_bayou_shore_a,
          serial_bayou_pond_e, serial_bayou_lagoon_a, minivault_1,
          chequers_jeans, uniq_menkaure

Skill      XL: |  1  2  3  4  5 |
---------------+----------------+-----
Conjurations   | 5 6 7 8 |  8.3
Dodging        | |  2.4
Stealth        | |  2.4
Spellcasting   | |  3.0

Action                     |  1- 3 |  4- 6 || total
---------------------------+-------+-------++-------
  Melee: Unarmed           |     7 |       ||     7
   Cast: Magic Dart        |    64 |    86 ||   150
         Searing Ray       |       |     3 ||     3
    Use: Potion            |     5 |       ||     5
         Scroll            |     1 |       ||     1
 Armour: Robe              |     2 |       ||     2
  Dodge: Dodged            |    26 |     2 ||    28
